 Dungeon Crawl Stone Soup version 0.31.0-2-g5a2aebc5c2 (webtiles) character file.

Game seed: 1202108645634036652

9 Arctor the Vexing (level 2, 0/16 HPs)
             Began as a Kobold Hexslinger on Jan 20, 2024.
             Slain by a hobgoblin (1 damage)
             ... on level 1 of the Dungeon.
             The game lasted 00:00:12 (204 turns).

Arctor the Vexing (Kobold Hexslinger)                Turns: 204, Time: 00:00:13

Health: 0/16       AC:  2    Str:  5    XL:     2   Next: 25%
Magic:  3/4        EV: 15    Int: 14    God:
Gold:   0          SH:  0    Dex: 17    Spells: 3/3 levels left

rFire   . . .        e - +2 short sword (elec)
rCold   . . .        (no shield)
rNeg    . . .        c - +0 robe
rPois   .            (no helmet)
rElec   .            (no cloak)
rCorr   .            (no gloves)
SInv    .            (no boots)
Will    .....        (no amulet)
Stlth   +++          (no ring)
HPRegen 0.22/turn    (no ring)
MPRegen 0.09/turn

%: no passive effects
@: no status effects
A: small, no large weapons, nightstalker 3
a: no special abilities


You were on level 1 of the Dungeon.
You visited 1 branch of the dungeon, and saw 1 of its levels.

Inventory:

Hand Weapons
 a - a +1 sling
 e - a +2 short sword of electrocution (weapon)
Armour
 c - a +0 robe (worn)
Scrolls
 b - a scroll of poison
 d - a scroll of teleportation {unknown}


   Skills:
 + Level 1.3 Fighting
 + Level 2.8 Ranged Weapons
 + Level 2.6 Dodging
 + Level 1.3 Spellcasting
 + Level 3.1 Hexes
 + Level 1.1 Fire Magic


You had 3 spell levels left.
You didn't know any spells.
Your spell library contained the following spells:

 Spells                   Type           Power      Damage    Failure   Level
 Jinxbite                 Hex            18%        N/A       11%         2
 Sigil of Binding         Hex            9%         N/A       22%         3
 Inner Flame              Hex/Fire       6%         N/A       32%         3
 Cause Fear               Hex            4%         N/A       56%         4
 Dimensional Bullseye     Hex/Tloc       2%         N/A       80%         4


Dungeon Overview and Level Annotations

Branches:
Dungeon (1/15)

Altars:


Innate Abilities, Weirdness & Mutations

You are small and have problems with some larger weapons.
You are completely attuned to the shadows.


Message History

Unknown command.
You are too injured to fight recklessly!
There are monsters nearby!
You are too injured to fight recklessly!
You are too injured to fight recklessly!
You closely miss the ball python. The ball python misses you.
The ball python constricts you. The hobgoblin hits you.
You hit the ball python.
The ball python is severely wounded.
The ball python closely misses you. The ball python constricts you.
* * * LOW HITPOINT WARNING * * *
The hobgoblin barely misses you.
You hit the ball python.
Lightning courses through the ball python!!
You kill the ball python!
The hobgoblin misses you.
Unknown command.
You closely miss the hobgoblin. The hobgoblin hits you.
* * * LOW HITPOINT WARNING * * *
You hit the hobgoblin.
The hobgoblin is heavily wounded.
The hobgoblin closely misses you.
You hit the hobgoblin.
The hobgoblin is almost dead.
The hobgoblin hits you.
* * * LOW HITPOINT WARNING * * *
You barely miss the hobgoblin.
The hobgoblin is almost dead.
The hobgoblin closely misses you.
You closely miss the hobgoblin.
The hobgoblin is almost dead.
The hobgoblin misses you.
You barely miss the hobgoblin.
The hobgoblin is almost dead.
The hobgoblin hits you.
* * * LOW HITPOINT WARNING * * *
You barely miss the hobgoblin.
The hobgoblin is almost dead.
The hobgoblin hits you.
You die...

.# #.......
####..........# ##
#.#..### #####..#####
########.#..# #..#
..)......#..# #..#
###..#####..###8..8#.
#... .....# #.......
..#..# ..##[.>....
.....# ....#8†g8#
..#..# ...##@.##
##...# #........
....## ##.......
....#########...##...
##...............##..
.##.....#....###.#
...#....#...... ...
.##.....#....### #.
##............


You could see a hobgoblin.

Vanquished Creatures
  An endoplasm (D:1)
  A goblin (D:1)
  A quokka (D:1)
  3 ball pythons (D:1)
  A frilled lizard (D:1)
  2 kobolds (D:1)
  A rat (D:1)
10 creatures vanquished.

Notes
Turn   | Place    | Note
-------+----------+-------------------------------------------
     0 | D:1      | Arctor the Kobold Hexslinger began the quest for the Orb.
     0 | D:1      | Reached XP level 1. HP: 12/12 MP: 2/2
    85 | D:1      | Reached XP level 2. HP: 14/16 MP: 3/3
   204 | D:1      | Slain by a hobgoblin

Illustrated notes

Levels and vault maps discovered:
D:1:      erik_arrival_blinker_ship, layout_loops_ring, serial_shops,
          nicolae_shop_tiny_real_fake_doors, minmay_misc_feat_secret_circle,
          st_stairs_6, chequers_serial_rivers_small_a, minivault_26

Action                     || total
---------------------------++-------
  Melee: Short sword       ||    14
   Fire: Sling             ||    11
   Stab: Sleeping          ||     1
 Armour: Robe              ||    10
  Dodge: Dodged            ||    18
